 Dungeon Crawl Stone Soup version 0.25-a0-860-gf695395 (webtiles) character file.

Game seed: 17235164640212096298, levelgen mode: deterministic

291 BlueFish the Insei (level 6, -12/38 HPs)
             Began as an Octopode Transmuter on Apr 29, 2020.
             Mangled by an orc warrior
             ... wielding a cursed -1 halberd
              (29 damage)
             ... on level 6 of the Dungeon.
             The game lasted 00:15:15 (4368 turns).

BlueFish the Insei (Octopode Transmuter)            Turns: 4368, Time: 00:15:15

Health: -12/38     AC:  1    Str: 10    XL:     6   Next: 32%
Magic:  9/9        EV: 14    Int: 16    God:
Gold:   443        SH:  3    Dex: 13    Spells: 3/9 levels left

rFire    . . .     SeeInvis .     - Unarmed
rCold    . . .     Gourm    .   (no shield)
rNeg     . . .     Faith    .   (helmet restricted)
rPois    .         Spirit   .   n - +3 amulet of reflection
rElec    .         Reflect  +   (no ring)
rCorr    .         Harm     .   t - ring of flight
MR       .....                  (no ring)
Stlth    +++.......             (no ring)
HPRegen  0.12/turn              (no ring)
MPRegen  0.11/turn              (no ring)
                                (no ring)
                                (no ring)

@: no status effects
A: almost no armour, stealthy swim, amphibious, 8 rings, constrict 8, camouflage
1, gelatinous body 1
a: Evoke Flight


You were on level 6 of the Dungeon.
You were not hungry.

You visited 1 branch of the dungeon, and saw 7 of its levels.
You also visited: Ossuary.

You collected 443 gold pieces.

Inventory:

Missiles
 a - 121 arrows
Jewellery
 n - a +3 amulet of reflection (around mantle)
 t - a ring of flight (right tentacle)
Wands
 d - a wand of scattershot (8)
 s - a wand of iceblast (12)
Scrolls
 f - 2 scrolls of enchant weapon
 i - a scroll of teleportation
 q - a scroll of identify
 u - a scroll of enchant armour {unknown}
Potions
 b - 2 potions of cancellation
 e - a potion of haste
 g - 3 potions of brilliance {unknown}
 h - 5 potions of curing {unknown}
 j - a potion of might {unknown}
 k - 2 potions of degeneration {unknown}
 l - a potion of magic {unknown}
 m - 2 potions of stabbing {unknown}
 o - 4 potions of heal wounds {unknown}
 p - 3 potions of lignification {unknown}
 r - a potion of berserk rage {unknown}
Comestibles
 c - 14 rations


   Skills:
 + Level 1.0 Fighting
 * Level 2.6 Dodging
 * Level 3.3 Stealth
 * Level 4.9 Unarmed Combat
 + Level 2.3 Spellcasting
 * Level 3.0 Transmutations
 * Level 2.1 Poison Magic


You had 3 spell levels left.
You knew the following spells:

 Your Spells              Type           Power        Failure   Level  Hunger
a - Beastly Appendage     Tmut           ##....       6%          1    #......
b - Sticks to Snakes      Tmut           ##......     9%          2    ###....
c - Spider Form           Tmut/Pois      ##........   21%         3    ###....

Your spell library contained the following spells:

 Spells                   Type           Power        Failure   Level  Hunger
 Ice Form                 Ice/Tmut       #.......     71%         4    #####..
 Blade Hands              Tmut           ##........   85%         5    ######.


Dungeon Overview and Level Annotations

Branches:
Dungeon (7/15)            Ossuary (visited)
 Temple: D:4-7

Altars:
Ashenzari
Cheibriados
Dithmenos
Nemelex Xobeh
Qazlal
Vehumet
Xom
Zin


Innate Abilities, Weirdness & Mutations

You cannot wear most types of armour.
You are very stealthy in the water. (Stealth+)
You are amphibious.
You can wear up to eight rings at the same time.
You can use your tentacles to constrict eight enemies at once.
Your skin changes colour to match your surroundings (Stealth+).
Your rubbery body absorbs attacks. (AC +1, EV +1)


Message History

You feel sick.
Your magical contamination has completely faded away.
You feel sick.
You feel sick.
You feel sick.
You feel sick.
You feel sick.
You feel sick.
You are no longer poisoned.
A bullfrog comes into view.
An orc warrior and an orc priest come into view.
Found 10 gold pieces.
A hound and an orc come into view.
The hound barks!
The orc shouts!
The orc priest shouts!
You hear a shout!
The orc warrior shouts!
You hear a croak.
An orc comes into view. It is wielding a +0 flail.
The orc warrior hits you but does no damage.
The orc warrior hits you from afar with a cursed -1 halberd!!
Ouch! That really hurt!
You die...

. #$ .. . ..
.# ...#. .#
..#...####.#
....hoo..#.#
#.#..o##@#.#
##o #.#.# #
###.#.#
#.##.#...>.#.#
#............#
####!#.#.#####
# #.#.# #.#.#
#.#.#


You could see an orc warrior, a hound and an orc priest.

Vanquished Creatures
  A bullfrog zombie (D:5)
  A hound (D:5)
  A worker ant (D:6)
  8 mummies (Ossuary)
  3 adders
  An ooze (D:1)
  2 worms
  2 dart slugs
  4 leopard geckos
  An orc (D:3)
  8 giant cockroaches
  A gnoll zombie (Ossuary)
  7 goblins
  5 hobgoblins
  7 kobolds
  A ball python (D:4)
  4 bats
  2 frilled lizards (D:2)
  2 hobgoblin zombies (Ossuary)
  2 kobold zombies (Ossuary)
  5 rats
68 creatures vanquished.

Vanquished Creatures (collateral kills)
  A hobgoblin zombie (Ossuary)
  2 orc zombies (Ossuary)
3 creatures vanquished.

Grand Total: 71 creatures vanquished

Notes
Turn   | Place    | Note
-------+----------+-------------------------------------------
     0 | D:1      | BlueFish the Octopode Transmuter began the quest for the
                  | Orb.
     0 | D:1      | Reached XP level 1. HP: 13/13 MP: 3/3
   273 | D:1      | Reached XP level 2. HP: 17/18 MP: 5/5
   871 | D:1      | Reached skill level 1 in Stealth
  1004 | D:2      | Reached XP level 3. HP: 21/23 MP: 6/6
  1123 | D:2      | Found a sparkling altar of Nemelex Xobeh.
  1329 | D:2      | Reached skill level 4 in Unarmed Combat
  1418 | D:2      | Found a shadowy altar of Dithmenos.
  1714 | D:3      | Reached XP level 4. HP: 28/28 MP: 7/7
  2066 | D:3      | Noticed an earth elemental
  2068 | D:3      | Found a stormy altar of Qazlal.
  2070 | D:3      | Noticed a water elemental
  2070 | D:3      | Noticed an air elemental
  2070 | D:3      | Noticed a fire elemental
  2379 | D:3      | Found a glowing silver altar of Zin.
  2520 | D:4      | Found a shattered altar of Ashenzari.
  2779 | D:4      | Found a shimmering altar of Xom.
  3003 | D:4      | Found a radiant altar of Vehumet.
  3292 | D:5      | Entered Level 5 of the Dungeon
  3386 | D:5      | Reached XP level 5. HP: 18/33 MP: 6/8
  3390 | D:5      | Learned a level 2 spell: Sticks to Snakes
  3394 | D:5      | Learned a level 3 spell: Spider Form
  3460 | D:5      | Found a snail-covered altar of Cheibriados.
  3537 | D:5      | Found a sand-covered staircase.
  3541 | Ossuary  | Entered an ossuary
  3582 | Ossuary  | Reached skill level 1 in Poison Magic
  3584 | Ossuary  | HP: 1/33 [mummy (5)]
  3954 | Ossuary  | Reached XP level 6. HP: 38/38 MP: 7/9
  4227 | D:5      | Found a snail-covered altar of Cheibriados.
  4227 | D:5      | You fall into a shaft and drop 2 floors!
  4366 | D:6      | Noticed an orc warrior
  4368 | D:6      | Mangled by an orc warrior

Levels and vault maps discovered:
D:1:      giann_wishing_wells, layout_basic
D:2:      layout_loops_ring, old_standard_altar,
          grunt_dithmenos_smoke_and_mirrors, serial_bayou_pond_c
D:3:      layout_loops_ring, zin_treasury, nicolae_qazlal_style_of_elements,
          chequers_serial_rivers_room_b
D:4:      layout_loops_corners, vehumet_crystals, evilmike_ruin_ashenzari,
          xom_redecorated
D:5:      layout_basic, nicolae_overflow_hidden_temple, enter_ossuary_5,
          first_ration, basic_altar
D:6:      layout_loops_ring, temple_statues, serial_shops,
          nicolae_shop_behind_doors, minmay_misc_feat_four_crosses
D:7:      layout_cave_pods, lemuel_mausoleum_altar_yredelemnul, uniq_joseph

Skill      XL: |  1  2  3  4  5  6 |
---------------+-------------------+-----
Stealth        | 1 3 |  3.3
Unarmed Combat | 4 |  4.9
Poison Magic   | 2 |  2.1
Transmutations | 3 |  3.0
Fighting       | |  1.0
Dodging        | |  2.6
Spellcasting   | |  2.3

Action                   |  1- 3 |  4- 6 || total
-------------------------+-------+-------++-------
Melee: Unarmed           |    81 |   112 ||   193
       Constrict         |    24 |    26 ||    50
       Tentacles         |    21 |    20 ||    41
       Punch             |     4 |     5 ||     9
       Kick              |     3 |    22 ||    25
 Cast: Beastly Appendage |     1 |    15 ||    16
       Sticks to Snakes  |       |     5 ||     5
  Use: Scroll            |       |     8 ||     8
       Potion            |       |     1 ||     1
 Stab: Sleeping          |     5 |     4 ||     9
  Eat: Chunk             |     2 |     6 ||     8
       Ration            |       |     1 ||     1
Armor: Skin              |    10 |     1 ||    11
Dodge: Dodged            |    42 |    45 ||    87
Block: Other             |       |     7 ||     7

Table legend:
 A = Non-vault XP
 B = Vault XP
 C = Vault XP percentage of total XP
 D = Non-vault monster count
 E = Vault monster count
 F = Vault count percentage of total count
                 A         B        C        D         E       F
            +---------+---------+-------+---------+---------+-------
      Total |     263 |     153 |  36.8 |      55 |      16 |  22.5
            +---------+---------+-------+---------+---------+-------
        D:1 |      31 |       0 |   0.0 |      14 |       0 |   0.0
        D:2 |      50 |       0 |   0.0 |      19 |       0 |   0.0
        D:3 |      32 |       0 |   0.0 |      12 |       0 |   0.0
        D:4 |      28 |       0 |   0.0 |       6 |       0 |   0.0
        D:5 |      90 |       0 |   0.0 |       3 |       0 |   0.0
        D:6 |      32 |       0 |   0.0 |       1 |       0 |   0.0
    Ossuary |       0 |     153 | 100.0 |       0 |      16 | 100.0
            +---------+---------+-------+---------+---------+-------
